 Dungeon Crawl Stone Soup version 0.29.1-12-g30fa7ad0bf (webtiles) character file.

Game seed: 13308303457296814245

26 cheesebisquit the Trooper (level 2, -1/27 HPs)
             Began as a Minotaur Berserker on Jan 2, 2023.
             Was a Follower of Trog.
             Slain by a goblin
             ... wielding a +2 dagger of speed
             ... led by Robin
              (2 damage)
             ... on level 2 of the Dungeon.
             The game lasted 00:03:47 (715 turns).

cheesebisquit the Trooper (Minotaur Berserker)       Turns: 715, Time: 00:03:47

Health: -1/27      AC: 10    Str: 21    XL:     2   Next: 89%
Magic:  1/1        EV: 11    Int:  4    God:    Trog [*.....]
Gold:   78         SH:  0    Dex:  9    Spells: 1/1 levels left

rFire   + . .      SeeInvis .   a - +0 hand axe
rCold   + . .      Faith    +   (no shield)
rNeg    . . .      Spirit   .   f - +0 ring mail
rPois   +          Reflect  .   (helmet restricted)
rElec   +          Harm     .   (no cloak)
rCorr   +          Rampage  .   (no gloves)
Will    .....                   j - +0 pair of boots
Stlth   ..........              l - amulet of faith
HPRegen 0.09/turn               (no ring)
MPRegen 0.07/turn               (no ring)

@: resistant, on berserk cooldown, slowed, very slow
A: horns 2, retaliatory headbutt, iridescent scales 2, noise suppression
a: Renounce Religion, Berserk


You were on level 2 of the Dungeon.
You worshipped Trog.
Trog was aware of your devotion.
You visited 1 branch of the dungeon, and saw 2 of its levels.

You collected 78 gold pieces.

Inventory:

Hand Weapons
 a - a +0 hand axe (weapon)
Armour
 b - a +0 animal skin
 d - a +0 leather armour of cold resistance
 f - a +0 ring mail (worn)
 j - a +0 pair of boots (worn)
Jewellery
 l - an amulet of faith (around neck)
Scrolls
 h - 2 scrolls of identify {unknown}
 k - a scroll of teleportation {unknown}
Potions
 g - a potion of heal wounds {unknown}
 i - a potion of might {unknown}
 m - a potion of curing {unknown}


   Skills:
 + Level 4.0 Fighting
 + Level 4.0 Axes
 + Level 3.0 Armour
 + Level 2.6 Dodging


You had one spell level left.
You didn't know any spells.
Your spell library was empty.

Dungeon Overview and Level Annotations

Branches:
Dungeon (2/15)

Altars:

Shops:
D:2 =

Annotations:
D:2 Robin


Innate Abilities, Weirdness & Mutations

You have a pair of horns on your head.
You reflexively headbutt those who attack you in melee.
You are mostly covered in iridescent scales. (AC +4)
You passively dampen the noise of your surroundings.


Message History

The goblin unwields a +2 sling of freezing.
The goblin wields a +0 club.
The goblin hits you with a +0 club.
The goblin hits you with a +2 dagger of speed.
Robin barely misses you. The goblin barely misses you. You furiously retaliate!
You headbutt the goblin!
You kill the goblin!
Trog accepts your kill.
Your Armour skill increases to level 3!
You hit Robin. Your headbutt misses Robin.
Robin is lightly wounded.
You hit the hobgoblin. You completely miss the goblin.
The goblin hits you with a +2 dagger of speed.
The hobgoblin hits you. Robin throws the goblin at you!
The goblin hits you with a +2 dagger of speed.
The hobgoblin hits you.
* * * LOW HITPOINT WARNING * * *
Robin flexes a bicep menacingly.
Robin hits you with a +0 mace.
* * * LOW HITPOINT WARNING * * *
The goblin hits you but does no damage.
The goblin hits you with a +2 dagger of speed.
* * * LOW HITPOINT WARNING * * *
It was a potion of mutation.
You feel extremely strange.
Iridescent scales grow over part of your body.
Iridescent scales spread over more of your body.
You feel your surroundings grow quieter.
The goblin misses you. You furiously retaliate!
You headbutt the goblin. The goblin hits you but does no damage.
The hobgoblin barely misses you. You furiously retaliate!
You headbutt the hobgoblin.
You kill the hobgoblin!
Trog accepts your kill. The goblin hits you but does no damage.
It was a potion of resistance.
You feel protected. The goblin hits you but does no damage.
The hobgoblin closely misses you. You furiously retaliate!
You headbutt the hobgoblin.
You kill the hobgoblin!
Trog accepts your kill.
The goblin hits you with a +2 dagger of speed.
You die...

.## ##.###.########
..###....>#.......# .#.
##.##..#.###<####.# ....
#.##...## ##.# .##....
##.##....###.## .#.....
........#.#.#####.......
........##.## #g........
####.#..#######g#......#
#..#.)..∩...#@g....#
#.#..#######)#g#####
#.##.# #.#.# #.##.#
#.#.. .....# #.####
.....# #.# .....<# #.#
.(...## #.# #..


You could see Robin and 3 goblins.

Vanquished Creatures
  An endoplasm (D:1)
  9 goblins
  6 hobgoblins
  2 jackals (D:1)
  3 ball pythons
  3 kobolds
  A rat (D:1)
25 creatures vanquished.

Notes
Turn   | Place    | Note
-------+----------+-------------------------------------------
     0 | D:1      | cheesebisquit the Minotaur Berserker began the quest for
                  | the Orb.
     0 | D:1      | Reached XP level 1. HP: 19/19 MP: 0/0
   184 | D:1      | Reached XP level 2. HP: 24/27 MP: 1/1
   674 | D:2      | Found Idodid's Jewellery Boutique.
   706 | D:2      | Noticed Robin
   713 | D:2      | HP: 1/27 [goblin/+2 dagger of speed[Robin] (2)]
   714 | D:2      | Gained mutation: You are partially covered in iridescent
                  | scales. (AC +2) [potion of mutation]
   714 | D:2      | Gained mutation: You are mostly covered in iridescent
                  | scales. (AC +4) [potion of mutation]
   714 | D:2      | Gained mutation: You passively dampen the noise of your
                  | surroundings. [potion of mutation]
   715 | D:2      | Slain by a goblin

Illustrated notes

Levels and vault maps discovered:
D:1:      heliophobic_arrival_ceremonial_halls, layout_rooms
D:2:      layout_loops_ring, basic_altar, serial_shops, shop, uniq_sigmund,
          uniq_robin

Skill      XL: |  1  2 |
---------------+-------+-----
Fighting       | 4 |  4.0
Axes           | 4 |  4.0
Armour         | 3 |  3.0
Dodging        | |  2.6

Action                   || total
-------------------------++-------
Melee: Hand axe          ||    35
       Headbutt          ||     2
Invok: Berserk           ||     1
  Use: Potion            ||     2
Armor: Ring mail         ||    19
Dodge: Dodged            ||    27
